 Dungeon Crawl Stone Soup version 0.30-a0-469-g84de5afbc5 (webtiles) character file.

Game seed: 3223249329309401296

25953 cforsyth the Protected (level 12, -2/165 (175) HPs)
             Began as an Armataur Gladiator on Dec 19, 2022.
             Was the Champion of Okawaru.
             Slain by a spectral four-headed hydra (9 damage)
             ... in a Gauntlet.
             The game lasted 00:32:44 (18769 turns).

cforsyth the Protected (Armataur Gladiator)        Turns: 18769, Time: 00:32:45

HP:   -2/165 (175)  AC: 30    Str: 19    XL:     12   Next: 94%
MP:   12/12         EV:  1    Int: 15    God:    Okawaru [******]
Gold: 866           SH: 11    Dex: 18    Spells: 11/11 levels left

rFire   . . .      SeeInvis .    O - +1 eveningstar (drain)
rCold   . . .      Faith    .    r - +0 kite shield
rNeg    . . .      Spirit   .    (body armour currently unavailable)
rPois   +          Reflect  .    (helmet currently unavailable)
rElec   .          Harm     .    (cloak currently unavailable)
rCorr   +          Roll     +    (gloves currently unavailable)
Will    .....      NoTele   +    (no barding)
Stlth   ++........               U - amulet of regeneration
HPRegen 1.27/turn                q - +4 ring of protection
MPRegen 0.13/turn                R - ring "Keavats" {rCorr Dex+7}

@: brilliant, tree-form, hasted and slowed, studying Dodging, drained
A: stationary, stasis, torment immunity, boosted hp, large, rugged brown scales
3, (deformed body), (armoured tail), roll, long tongue, awkward tongue
a: Renounce Religion, Heroism, Finesse, Duel


You were in a Gauntlet.
You worshipped Okawaru.
Okawaru was exalted by your worship.
You were a tree.
You visited 2 branches of the dungeon, and saw 14 of its levels.
You also visited: Gauntlet.

You collected 866 gold pieces.

Inventory:

Hand Weapons
 a - a +0 vorpal flail
 F - the +8 dagger "Jeamni" {freeze, Will+}
   (You found it on level 4 of the Dungeon)

   It freezes those it strikes, dealing additional cold damage.
   It can also slow down cold-blooded creatures.
   Will:      It increases your willpower.
 N - a +4 flail of freezing
 O - a +1 eveningstar of draining (weapon)
Missiles
 d - 3 throwing nets (quivered)
 e - 10 javelins
 o - 5 silver javelins
Armour
 c - a +0 helmet (melded)
 m - a +2 barding of stealth (melded)
 r - a +0 kite shield (worn)
 t - the +0 scale mail of Vexation {rElec rN+++ Str-3 Int+3}
   (Okawaru gifted it to you on level 1 of the Lair of Beasts)

   Str:       It affects your strength (-3).
   Int:       It affects your intelligence (+3).
   rElec:     It insulates you from electricity.
   rN:        It renders you almost immune to negative energy.
 B - a +0 plate armour (melded)
 E - a +1 pair of gloves (melded)
 X - a +0 pair of gloves of stealth
Jewellery
 n - an amulet of magic regeneration
 p - a ring of see invisible
 q - a +4 ring of protection (left branch)
 A - a +4 ring of evasion
 J - a ring of poison resistance
 K - a ring of positive energy
 M - a ring of protection from fire
 R - the ring "Keavats" (right branch) {rCorr Dex+7}
   (You took it off a centaur on level 11 of the Dungeon)

   [ring of resist corrosion]

   Dex:       It affects your dexterity (+7).
   rCorr:     It protects you from acid and corrosion.
 S - a ring of protection from fire
 U - an amulet of regeneration (around neck)
 Y - a ring of fire
Wands
 y - a wand of charming (9)
 C - a wand of acid (13)
 D - a wand of digging (8)
 H - a wand of iceblast (2)
 V - a wand of flame (5)
Scrolls
 f - 2 scrolls of torment
 g - a scroll of fear
 h - 5 scrolls of fog
 i - 5 scrolls of teleportation
 j - a scroll of blinking
 k - 3 scrolls of vulnerability
 l - 3 scrolls of amnesia
 z - 2 scrolls of enchant armour
 I - a scroll of silence
 P - 2 scrolls of acquirement {unknown}
Potions
 b - a potion of might {unknown}
 s - 3 potions of lignification
 u - 3 potions of attraction
 v - 5 potions of haste
 w - 6 potions of mutation
 x - 6 potions of curing
 G - 3 potions of cancellation
 L - 2 potions of flight
 Q - a potion of brilliance
 W - a potion of magic {unknown}


   Skills:
 + Level 11.3 Fighting
 + Level 11.5 Maces & Flails
 - Level 1.7 Throwing
 + Level 14.2 Armour
 - Level 2.1 Dodging
 + Level 7.6 Shields


You had 11 spell levels left.
You didn't know any spells.
Your spell library contained the following spells:

 Spells                   Type           Power      Damage    Failure   Level
 Cigotuvi's Dreadful Rot  Necr/Pois/Air  0%         N/A       63%         2
 Dispel Undead            Necr           0%         3d6       99%         4
 Borgnjor's Vile Clutch   Necr/Erth      0%         N/A       100%        5
 Iskenderun's Battlesphe  Conj           0%         2d6       100%        5
 Iron Shot                Conj/Erth      0%         9d1       100%        6
 Animate Dead             Necr           Unusable   N/A       N/A         4
 Death Channel            Necr           Unusable   N/A       N/A         6
 Spellforged Servitor     Conj/Summ      Unusable   N/A       N/A         7

Dungeon Overview and Level Annotations

Branches:
Dungeon (13/15)            Temple (0/1) D:6            Lair (1/5) D:9
    Orc (0/2) D:11        Gauntlet (1/1)
 Vaults: D:13-14

Altars:
Dithmenos
Kikubaaqudgha
Okawaru
Uskayaw
Zin

Shops:
D:5 *

Annotations:
D:10 1 runed translucent door, Darkkill's ghost, journeyman MiHu Gauntlet 7 transporters


Innate Abilities, Weirdness & Mutations

You are a tree.
Your roots penetrate the ground, keeping you stationary.
You cannot be teleported.
You are immune to unholy pain and torment.
Your maximum health is greatly increased.
Your equipment is partially melded.
(You are completely covered in rugged brown scales. (AC +3, +7% HP))
((Armour fits poorly on your strangely shaped body.))
((You have a long armoured tail.))
You roll when moving toward enemies. (Rampage)
Your long tongue fully drains potion bottles. (2x potion effects)
Your tongue gives you trouble enunciating. (1.5x scroll delay)


Message History

Okay, then.
You slurp down every last drop of the 2 white potions!
It was a potion of brilliance.
You feel clever all of a sudden. You block the death scarab's attack.
The death scarab barely misses you. You block the death scarab's attack.
You block the spectral four-headed hydra's attack.
The spectral four-headed hydra bites you but does no damage. x3
Really quaff the potion of lignification?
Okay, then.
Really quaff the potion of lignification?
You slurp down every last drop of the 4 potions of lignification!
You turn into a tree.
Your +0 helmet melds into your body.
Your +1 pair of gloves melds into your body.
Your +2 barding of stealth melds into your body.
Your +0 plate armour melds into your body.
You feel less stealthy.
Your roots penetrate the ground.
You block the death scarab's attack. The death scarab bites you.
* * * LOW HITPOINT WARNING * * *
The death scarab drains your vigour!
You feel as though you will be slow longer.
The death scarab draws strength from your injuries!
You block the spectral four-headed hydra's attack.
The spectral four-headed hydra bites you but does no damage.
You block the spectral four-headed hydra's attack.
The spectral four-headed hydra bites you but does no damage.
Unknown command.
Unknown command.
Unknown command.
Unknown command.
You puncture the death scarab!
The death scarab is moderately damaged.
You block the death scarab's attack. x2; The death scarab bites you!!
* * * LOW HITPOINT WARNING * * *
The death scarab drains your vigour!
You feel as though you will be slow longer.
The death scarab draws strength from your injuries!
The spectral four-headed hydra bites you but does no damage.
The spectral four-headed hydra bites you!
You die...

##.....#©#.....#X.....
#§..#########..#x..###
##..#..8#8..#..#....#.
#≈..#...8...#..#.#..#©
##..#8.8.8.8#..#.#####
#≈..##8.©.8##..#.#..#.
##..#8B8.8.8#..#....#.
#≈.§#.ZB8...#..#...#.#
##.§#♣"!©[..#..#..!(©=
#≈..#########..#######
##...........∩........
#§§.§.§..§.......§§...
###≈#§#§#§########§#§#
#########.©..©.#####
#......# ..........
............


You could see a spectral four-headed hydra and 2 death scarabs.

Vanquished Creatures
  Azrael (D:12)
  7 two-headed ogres
  A tengu warrior (D:11)
  2 boulder beetles (D:12)
  Urug (D:10)
  A spectral hydra (Gauntlet)
  Pikel (D:4)
  A cyclops (D:11)
  2 ugly things (D:12)
  3 black mambas (Lair:1)
  3 elephants (Lair:1)
  Joseph (D:8)
  2 komodo dragons
  3 kobold demonologists
  3 unseen horrors
  3 trolls
  A hornet (D:9)
  4 slime creatures
  4 blink frogs (Lair:1)
  A spectral black mamba (Gauntlet)
  3 shadows (Gauntlet)
  5 fire elementals
  2 basilisks
  16 yaks
  Menkaure (D:7)
  A vampire mosquito (D:11)
  2 hell hounds
  2 acid dragons
  A water moccasin (D:7)
  6 orc warriors
  2 sky beasts
  3 ice beasts
  A spectral rime drake (Gauntlet)
  6 centaurs
  A wolf (D:9)
  An ogre (D:4)
  13 kobold brigands
  2 gnoll sergeants
  5 bullfrogs
  3 scorpions
  A necrophage (D:4)
  6 wights
  11 killer bees
  A howler monkey (D:11)
  7 electric eels
  8 hounds
  4 jellies
  6 orc priests
  2 iguanas
  5 orc wizards
  Natasha (thrice) (D:2)
  7 adders
  12 gnolls
  2 shadow imps (D:11)
  4 dart slugs
  34 orcs
  4 endoplasms
  4 giant cockroaches
  12 goblins
  10 hobgoblins
  6 jackals
  5 quokkas
  8 ball pythons
  4 bats
  3 frilled lizards
  42 kobolds
  12 kobold skeletons (D:11)
  6 kobold zombies (D:11)
  6 rats
356 creatures vanquished.

Vanquished Creatures (others)
  An orc wizard (D:11)
  A kobold (D:11)
  A demonic plant (Gauntlet)
  A fungus (Lair:1)
4 creatures vanquished.

Grand Total: 360 creatures vanquished

Notes
Turn   | Place    | Note
-------+----------+-------------------------------------------
     0 | D:1      | cforsyth the Armataur Gladiator began the quest for the
                  | Orb.
     0 | D:1      | Reached XP level 1. HP: 18/18 MP: 1/1
    71 | D:1      | Reached skill level 1 in Armour
    71 | D:1      | Reached XP level 2. HP: 13/25 MP: 2/2
   234 | D:1      | Reached XP level 3. HP: 26/32 MP: 3/3
   373 | D:1      | Found a faded altar of an unknown god.
   487 | D:1      | Reached skill level 2 in Armour
   859 | D:2      | Noticed Natasha
   870 | D:2      | Killed Natasha
   871 | D:2      | Reached XP level 4. HP: 33/39 MP: 4/4
  1132 | D:2      | Noticed Natasha
  1136 | D:2      | Killed Natasha
  1257 | D:2      | Noticed Natasha
  1267 | D:2      | Killed Natasha
  1268 | D:2      | Reached skill level 3 in Armour
  1268 | D:2      | Reached XP level 5. HP: 43/48 MP: 5/5
  1923 | D:3      | Found a shadowy altar of Dithmenos.
  2075 | D:4      | Identified the +7 short sword of Jikhedd {holy, rElec
                  | rF+++}
  2106 | D:4      | Reached skill level 4 in Armour
  2106 | D:4      | Reached XP level 6. HP: 31/54 MP: 6/6
  2193 | D:4      | You fall into a shaft and drop 3 floors!
  2245 | D:6      | Found an iron altar of Okawaru.
  2297 | D:6      | Became a worshipper of Warmaster Okawaru
  2354 | D:6      | Found a staircase to the Ecumenical Temple.
  2380 | D:5      | Entered Level 5 of the Dungeon
  3125 | D:4      | Identified the +8 dagger "Jeamni" {freeze, Will+}
  3164 | D:4      | Reached XP level 7. HP: 61/63 MP: 7/7
  3421 | D:4      | Reached skill level 5 in Armour
  3673 | D:5      | Found Zin's Purification Station.
  3676 | D:5      | Found a glowing silver altar of Zin.
  3708 | D:5      | Noticed Pikel
  3743 | D:4      | Killed Pikel
  3743 | D:4      | Reached * piety under Okawaru
  3743 | D:4      | Reached ** piety under Okawaru
  3744 | D:4      | Reached skill level 5 in Fighting
  3744 | D:4      | Reached skill level 5 in Maces & Flails
  3744 | D:4      | Reached skill level 6 in Armour
  3744 | D:4      | Reached XP level 8. HP: 50/72 MP: 8/8
  4788 | D:6      | Reached skill level 7 in Armour
  4817 | D:6      | Found a hide-covered altar of Uskayaw.
  5499 | D:7      | Noticed Menkaure
  5509 | D:7      | Killed Menkaure
  5825 | D:7      | Reached *** piety under Okawaru
  5826 | D:7      | Reached skill level 8 in Armour
  5826 | D:7      | Reached XP level 9. HP: 81/83 MP: 9/9
  6411 | D:8      | Noticed Joseph
  6448 | D:8      | Killed Joseph
  6645 | D:7      | HP: 2/83 [poisoned by a killer bee]
  6651 | D:7      | HP: 4/82 [killer bee (5)]
  6654 | D:7      | Reached skill level 9 in Armour
  7973 | D:8      | Reached **** piety under Okawaru
  8285 | D:9      | Noticed a troll
  8307 | D:9      | Killed a troll
  8320 | D:9      | Reached XP level 10. HP: 25/94 MP: 8/10
  8327 | D:9      | Reached skill level 10 in Armour
  9539 | D:9      | Found a staircase to the Lair.
  9769 | D:9      | Noticed a two-headed ogre
  9780 | D:9      | Killed a two-headed ogre
 10538 | D:10     | Entered Level 10 of the Dungeon
 10551 | D:9      | Reached ***** piety under Okawaru
 10750 | D:10     | Noticed a rust devil
 11240 | D:10     | Noticed Urug
 11260 | D:10     | Killed Urug
 11261 | D:10     | Reached skill level 11 in Armour
 11897 | D:10     | Noticed a sixfirhy
 11897 | D:10     | Received a gift from Okawaru
 12035 | D:10     | Noticed a two-headed ogre
 12048 | D:10     | Killed a two-headed ogre
 12049 | D:10     | Reached XP level 11. HP: 82/103 MP: 11/11
 12321 | D:10     | Reached skill level 1 in Shields
 12376 | D:10     | Found a runed translucent door.
 12759 | D:10     | Noticed Darkkill's ghost (journeyman MiHu)
 12863 | D:11     | Reached skill level 12 in Armour
 13256 | D:11     | Identified the ring "Keavats" {rCorr Dex+7}
 13263 | D:11     | Reached skill level 10 in Maces & Flails
 13900 | D:11     | Noticed a two-headed ogre
 14373 | D:11     | Killed a two-headed ogre
 14586 | D:11     | Found a staircase to the Orcish Mines.
 14590 | D:11     | Received a gift from Okawaru
 14778 | D:11     | Found an ancient bone altar of Kikubaaqudgha.
 14808 | D:11     | Reached skill level 10 in Fighting
 15351 | D:12     | Noticed a tengu warrior
 15352 | D:12     | Noticed a two-headed ogre
 15352 | D:12     | Noticed a deep elf pyromancer
 15358 | D:12     | Noticed a two-headed ogre
 15373 | D:11     | Killed a tengu warrior
 15373 | D:11     | Received a gift from Okawaru
 15829 | D:12     | Noticed a green ugly thing
 15837 | D:12     | Noticed a two-headed ogre
 15839 | D:12     | Killed a green ugly thing
 15849 | D:12     | Killed a two-headed ogre
 15876 | D:12     | Noticed a purple ugly thing
 15882 | D:12     | Killed a purple ugly thing
 15883 | D:12     | Reached skill level 13 in Armour
 15883 | D:12     | Reached skill level 5 in Shields
 15917 | D:12     | Killed a two-headed ogre
 15918 | D:12     | Reached XP level 12. HP: 101/114 MP: 12/12
 16157 | D:12     | Killed a two-headed ogre
 16332 | D:12     | Noticed a boulder beetle
 16340 | D:12     | Killed a boulder beetle
 16362 | D:12     | Noticed Azrael
 16363 | D:12     | Noticed a two-headed ogre
 17167 | D:12     | Killed Azrael
 17476 | D:12     | Noticed a boulder beetle
 17498 | D:12     | Killed a boulder beetle
 17889 | D:12     | Identified the +6 long sword "Gram" {vorpal, Int+2}
 17904 | D:12     | Killed a two-headed ogre
 18128 | Lair:1   | Entered Level 1 of the Lair of Beasts
 18158 | Lair:1   | Reached ****** piety under Okawaru
 18249 | Lair:1   | Reached skill level 14 in Armour
 18253 | Lair:1   | Identified the +0 scale mail of Vexation {rElec rN+++ Str-3
                  | Int+3} (Okawaru gifted it to you on level 1 of the Lair of
                  | Beasts)
 18253 | Lair:1   | Received a gift from Okawaru
 18328 | Lair:1   | Found a gate leading to a gauntlet.
 18342 | Gauntlet | Entered a Gauntlet
 18342 | Gauntlet | Found a transporter.
 18342 | Gauntlet | Found a transporter.
 18345 | Gauntlet | Found a transporter.
 18365 | Gauntlet | Found a transporter.
 18375 | Gauntlet | Found a transporter.
 18376 | Gauntlet | Found a transporter.
 18386 | Gauntlet | Found a transporter.
 18403 | Gauntlet | Noticed a death scarab
 18404 | Gauntlet | Noticed a death scarab
 18405 | Gauntlet | Found a transporter.
 18419 | Gauntlet | Found a transporter.
 18422 | Gauntlet | Found a transporter.
 18430 | Gauntlet | Found a transporter.
 18433 | Gauntlet | Found a transporter.
 18740 | Gauntlet | Identified the amulet "Desuh" {Spirit SInv}
 18769 | Gauntlet | HP: 7/165 [death scarab (19)]
 18769 | Gauntlet | Slain by a spectral four-headed hydra

Illustrated notes

Levels and vault maps discovered:
D:1:      dpeg_arrival_rhombus, layout_loops_ring,
          hellmonk_ecumenical_altar_pennies_from_heaven, minmay_pentomino_w4
D:2:      layout_basic, chequers_garden, uniq_natasha
D:3:      layout_basic, nicolae_dithmenos_shadow_blocks, minmay_starry_boxes
D:4:      minmay_razor_zed, layout_cave_pools, grunt_ministairs_2,
          minmay_crystal_room
D:5:      nicolae_cairo_tiling_very_big, layout_loops_cross, zin_purify,
          uniq_pikel
D:6:      layout_rooms, hellmonk_okawaru_the_only_friend_you_need,
          nicolae_uskayaw_suspiria, minmay_temple_entry_statues_fountains,
          kennysheep_diamond
D:7:      layout_loops_ring, enter_bailey_5, nicolae_elevator_lobby_asterisk,
          uniq_menkaure
D:8:      layout_gridville, uniq_joseph
D:9:      layout_basic, erik_lair_island
D:10:     layout_basic, ebering_ghost_reflecting_pool, uniq_urug
D:11:     wander_kiku_kobolds, layout_irregular_city, erik_orc_2
D:12:     layout_roguey, minmay_increasing_density, uniq_azrael
D:13:     layout_big_octagon, hangedman_vaults_entry_quadrant_bands
Lair:1:   layout_cave_pods, basic_altar, gauntlet_entry_generic,
          serial_bayou_shore_a, infiniplex_staircase_pool
Gauntlet: minmay_gauntlet_mixed_big_or_small [gammafunk_gauntlet_arena_crates,
          minmay_gauntlet_arena_77_mirror, nicolae_gauntlet_arena_blocks,
          minmay_gauntlet_arena_77_two_paths, nicolae_gauntlet_arena_t_cross,
          minmay_gauntlet_arena_77_terracotta_army,
          dreamdust_gauntlet_exit_labyrinth]

Skill      XL: |  1  2  3  4  5  6  7  8  9 10 11 12 |
---------------+-------------------------------------+-----
Fighting       | 2 3 4 5 6 7 9 10 11 | 11.3
Armour         | 1 2 3 4 6 8 9 11 13 14 | 14.2
Maces & Flails | 3 4 5 6 8 9 10 11 | 11.5
Shields        | 5 7 |  7.6
Throwing       | |  1.7
Dodging        | |  2.1

Action                   |  1- 3 |  4- 6 |  7- 9 | 10-12 || total
-------------------------+-------+-------+-------+-------++-------
Melee: Flail             |   117 |   203 |       |       ||   320
       Tailslap          |     7 |    24 |    48 |   124 ||   203
       Dagger            |       |     3 |   349 |   122 ||   474
       Punch             |       |     3 |     5 |     3 ||    11
       Eveningstar       |       |       |       |   616 ||   616
Invok: Heroism           |       |       |     1 |     3 ||     4
  Use: Scroll            |       |       |    19 |     8 ||    27
       Potion            |       |       |     6 |     8 ||    14
Armor: Chain mail        |    99 |   102 |       |       ||   201
       Plate armour      |       |   107 |   277 |   681 ||  1065
       Skin              |       |       |       |     3 ||     3
Dodge: Dodged            |    26 |    60 |   150 |   190 ||   426
Block: Kite shield       |       |       |       |   377 ||   377

Table legend: (Time is in decaauts)
 A = Elapsed time spent in this place.
 B = Non-inter-level travel time spent in this place.
 C = Inter-level travel time spent in this place.
 D = Time resting spent in this place.
 E = Time spent auto-exploring this place.
 F = Levels seen in this place.
 G = Mean time per level.
                   A        B        C        D        E       F      G
               +--------+--------+--------+--------+--------+-----+--------+
         Total |  18934 |  18272 |    662 |   6229 |   8389 |  15 | 1262.3 |
       Dungeon |  18307 |  17645 |    662 |   6229 |   8252 |  13 | 1408.2 |
          Lair |    203 |    203 |      0 |      0 |      0 |   1 |  203.0 |
      Gauntlet |    423 |    423 |      0 |      0 |    137 |   1 |  423.0 |
               +--------+--------+--------+--------+--------+-----+--------+

Top non-repeatable levels by time:
    D:11: 3392 daAuts
     D:9: 2583 daAuts
    D:10: 2562 daAuts
    D:12: 1480 daAuts
     D:7: 1383 daAuts
     D:8: 1370 daAuts
     D:4: 1175 daAuts
     D:6: 1055 daAuts
     D:3: 1045 daAuts
     D:5: 849 daAuts
     D:1: 777 daAuts
     D:2: 630 daAuts
Gauntlet: 423 daAuts
  Lair:1: 203 daAuts
    D:13: 1 daAuts
